 Dungeon Crawl Stone Soup version 0.30.0 (webtiles) character file.

Game seed: 7150280415953680393

7782 Meow the Destroyer (level 11, -4/103 HPs)
             Began as a Naga Conjurer on Dec 20, 2023.
             Was an Initiate of Gozag.
             Slain by Jorgrun
             ... wielding a +0 heavy quarterstaff
              (22 damage)
             ... on level 2 of the Orcish Mines.
             The game lasted 00:26:12 (10979 turns).

Meow the Destroyer (Naga Conjurer)                 Turns: 10979, Time: 00:26:13

Health: -4/103     AC:  7    Str:  9    XL:     11   Next: 20%
Magic:  7/24       EV:  6    Int: 32    God:    Gozag
Gold:   740        SH:  0    Dex: 10    Spells: 18/29 levels left

rFire   . . .        a - +0 shortbow
rCold   . . .        (shield currently unavailable)
rNeg    . . .        R - +2 robe {Will+}
rPois   +            (no helmet)
rElec   .            M - scarf {repulsion}
rCorr   .            G - +0 pair of gloves {infuse}
SInv    +            (no barding)
Will    +++..        (no amulet)
Stlth   +++          F - ring of Safipp {Will+ Int+3 SInv Stlth+}
HPRegen 0.37/turn    J - +6 ring of intelligence
MPRegen 0.19/turn

%: repel missiles, infuse magic (1 MP)
@: grasped by roots, constricted, very slow
A: AC +3, large, see invisible, deformed body, poison resistance, slowness 2,
spit poison 1, naga tail 1
a: Spit Poison, Renounce Religion, Potion Petition, Call Merchant, Bribe Branch


You were on level 2 of the Orcish Mines.
You worshipped Gozag.
Gozag was pleased with you.
You visited 3 branches of the dungeon, and saw 12 of its levels.

You collected 947 gold pieces.
You paid 207 gold pieces to Gozag.

Inventory:

Hand Weapons
 a - a +0 shortbow (weapon)
 b - a +0 long sword
 c - the +4 dagger "Mocich" {freeze, Fly}
   (You took it off a kobold on level 2 of the Dungeon)

   Fly:       It grants you flight.
Missiles
 j - 73 stones
 n - 16 poisoned darts
 v - a throwing net
 L - 2 curare-tipped darts
Armour
 e - a +0 robe
 D - a +0 cloak
 G - a +0 pair of gloves of infusion (worn)
 M - a scarf of repulsion (worn)
 O - +0 acid dragon scales
 R - a +2 robe of willpower (worn)
Jewellery
 F - the ring of Safipp (left hand) {Will+ Int+3 SInv Stlth+}
   (You found it on level 6 of the Dungeon)

   [ring of willpower]

   Int:       It affects your intelligence (+3).
   SInv:      It lets you see invisible.
   Will:      It increases your willpower.
   Stlth:     It makes you more stealthy.
 J - a +6 ring of intelligence (right hand)
Wands
 w - a wand of paralysis (4)
 I - a wand of flame (19)
 Q - a wand of digging (5)
 S - a wand of mindburst (3)
 T - a wand of acid (2)
Scrolls
 d - 3 scrolls of enchant armour
 h - 4 scrolls of vulnerability
 l - 5 scrolls of teleportation
 o - 2 scrolls of blinking {unknown}
 s - 4 scrolls of enchant weapon {unknown}
 t - 2 scrolls of fear {unknown}
 x - a scroll of brand weapon {unknown}
 y - 2 scrolls of silence {unknown}
 A - 2 scrolls of amnesia {unknown}
 N - a scroll of poison {unknown}
 P - a scroll of torment {unknown}
 U - 3 scrolls of identify
Potions
 f - a potion of haste
 g - 2 potions of curing
 i - a potion of might
 k - 5 potions of brilliance
 m - 2 potions of flight
 p - 3 potions of magic
 q - a potion of invisibility {unknown}
 r - a potion of resistance {unknown}
 u - a potion of degeneration {unknown}
 z - a potion of mutation {unknown}
 B - 3 potions of ambrosia
 C - 2 potions of cancellation {unknown}
 E - 2 potions of attraction {unknown}
 H - 2 potions of lignification {unknown}
 K - 2 potions of berserk rage


   Skills:
 - Level 8.0 Fighting
 - Level 1.5 Dodging
 - Level 3.0 Stealth
 + Level 9.8 Spellcasting
 + Level 11.6 Conjurations


You had 18 spell levels left.
You knew the following spells:

 Your Spells              Type           Power      Damage    Failure   Level
a - Magic Dart            Conj           100%       1d8       1%          1
b - Searing Ray           Conj           100%       2d8       1%          2
B - Iskenderun's Mystic   Conj/Tloc      52%        2d11      2%          4
F - Fulminant Prism       Conj/Hex       26%        3d14      2%          4

Your spell library contained the following spells:

 Spells                   Type           Power      Damage    Failure   Level
 Foxfire                  Conj/Fire      100%       2x1d9     1%          1
 Dazzling Flash           Conj/Hex       100%       N/A       1%          3
 Ensorcelled Hibernation  Hex/Ice        30%        N/A       4%          2
 Passwall                 Tmut/Erth      12%        N/A       4%          2
 Fireball                 Conj/Fire      26%        3d12      8%          5
 Swiftness                Air            15%        N/A       10%         3
 Starburst                Conj/Fire      26%        6d8       41%         6
 Plasma Beam              Fire/Air       7%         2x1d20    99%         6


Dungeon Overview and Level Annotations

Branches:
Dungeon (9/15)             Temple (1/1) D:7             Orc (2/2) D:9
   Lair: D:8-11         Elf: Orc:2

Altars:
Ashenzari
Cheibriados
Dithmenos
Elyvilon
Fedhas
Gozag
Hepliaklqana
Kikubaaqudgha
Makhleb
Nemelex Xobeh
Okawaru
Qazlal
Ru
Sif Muna
Trog
Uskayaw
Vehumet
Wu Jian
Xom
Yredelemnul
Zin
The Shining One

Shops:
D:2 !   D:3 [   D:9 [(

Annotations:
Orc:1 Gastronok
Orc:2 Jorgrun


Innate Abilities, Weirdness & Mutations

Your serpentine skin is tough. (AC +3)
You have supernaturally acute eyesight. (SInv)
Armour fits poorly on your strangely shaped body.
Your system is resistant to poisons. (rPois)
You cover ground very slowly.
You can spit poison.
You have a snake-like lower body.


Message History

The iron shot hits you!! The grasping roots constrict you!
Your fulminant prism explodes!
Unknown command.
Casting: Searing Ray (safe; 1% risk of failure)
Confirm with . or Enter, or press ? or * to list all spells.
Aiming: Fulminant Prism (mildly dangerous; 2% risk of failure)
Press: ? - help, Dir - move target, p - Jorgrun You conjure a prism of explosive energy!
A fulminant prism comes into view.
The grasping roots constrict you!
Unknown command.
Casting: Fulminant Prism (mildly dangerous; 2% risk of failure)
Confirm with . or Enter, or press ? or * to list all spells.
Aiming: Searing Ray (safe; 1% risk of failure)
Press: ? - help, Shift-Dir - straight line The searing ray hits Jorgrun!
Jorgrun is lightly wounded. (Press . to maintain the ray.) Jorgrun casts a spell at you.
You resist with almost no effort. The grasping roots constrict you!
Your fulminant prism crackles loudly.
The searing ray hits Jorgrun.
Jorgrun is moderately wounded.
Jorgrun hits you with a +0 heavy quarterstaff.
* * * LOW HITPOINT WARNING * * *
The grasping roots constrict you!
* * * LOW HITPOINT WARNING * * *
Your fulminant prism explodes!
The blast of energy engulfs Jorgrun!!
Jorgrun is heavily wounded.
Unknown command.
Casting: Searing Ray (safe; 1% risk of failure)
Confirm with . or Enter, or press ? or * to list all spells.
Aiming: Fulminant Prism (mildly dangerous; 2% risk of failure)
Press: ? - help, Dir - move target You conjure a prism of explosive energy!
A fulminant prism comes into view.
Jorgrun hits you with a +0 heavy quarterstaff!!
You die...
Your body crumbles into a pile of gold.

##...#...## #.......#.##
#.......#.##
##..........#
##..........## ##
#............###
##.#####.............#
#....#.......#.......##.
##..........###.@.......
#.........### ##g...<...
.#......<# .........
##......# ....*...##
#.#......#.......## $
####.....#.......#
............###
^..#..........
##.#........


You could see Jorgrun (ally target) and a friendly fulminant prism.

Vanquished Creatures
  A two-headed ogre (D:9)
  Joseph (D:7)
  2 hornets (D:9)
  Prince Ribbit (D:7)
  Eustachio (D:5)
  6 yaks (D:9)
  Menkaure (D:5)
  4 vampire mosquitoes (D:9)
  An acid dragon (D:8)
  2 sky beasts
  6 orc warriors
  3 ogres
  3 centaurs
  A phantom (D:7)
  4 kobold brigands
  4 bullfrogs
  A gnoll sergeant (D:5)
  3 scorpions
  12 wights
  9 killer bees (D:9)
  An electric eel (D:7)
  2 howler monkeys
  3 gnoll boudas
  7 orc priests
  3 hounds
  8 iguanas
  8 orc wizards
  27 gnolls
  13 adders
  2 shadow imps
  2 white imps
  An ufetubus (D:6)
  A worm (D:3)
  2 dart slugs
  35 orcs
  5 ball pythons
  9 endoplasms
  5 giant cockroaches
  10 goblins
  5 hobgoblins
  4 jackals (D:5)
  A quokka (D:3)
  3 bats (D:1)
  2 frilled lizards
  19 kobolds
  3 rats
247 creatures vanquished.

Vanquished Creatures (others)
  20 fulminant prisms
  10 plants (D:9)
30 creatures vanquished.

Grand Total: 277 creatures vanquished

Notes
Turn   | Place    | Note
-------+----------+-------------------------------------------
     0 | D:1      | Meow the Naga Conjurer began the quest for the Orb.
     0 | D:1      | Reached XP level 1. HP: 15/15 MP: 3/3
   335 | D:1      | Reached XP level 2. HP: 22/22 MP: 3/5
   338 | D:1      | Learned a level 2 spell: Searing Ray
  1269 | D:2      | Reached XP level 3. HP: 28/28 MP: 1/6
  1445 | D:2      | Identified the +4 dagger "Mocich" {freeze, Fly}
  1527 | D:2      | Found Ciroy's Distillery.
  1625 | D:2      | Reached XP level 4. HP: 36/36 MP: 4/8
  1694 | D:2      | Reached skill level 5 in Conjurations
  1861 | D:2      | Reached XP level 5. HP: 42/42 MP: 4/10
  2649 | D:3      | Found a glowing silver altar of Zin.
  2681 | D:3      | Found Yrghaon's Armour Boutique.
  3173 | D:4      | Reached XP level 6. HP: 49/49 MP: 4/12
  3234 | D:4      | Learned a level 4 spell: Iskenderun's Mystic Blast
  3239 | D:4      | Learned a level 4 spell: Fulminant Prism
  3315 | D:4      | Reached skill level 6 in Conjurations
  3472 | D:4      | Reached XP level 7. HP: 53/55 MP: 9/14
  3474 | D:4      | Reached skill level 5 in Spellcasting
  3560 | D:4      | Reached skill level 7 in Conjurations
  3594 | D:4      | Found an ornate altar of the Wu Jian Council.
  4080 | D:5      | Entered Level 5 of the Dungeon
  4080 | D:5      | Noticed Menkaure
  4084 | D:5      | Killed Menkaure
  4085 | D:5      | Reached XP level 8. HP: 33/62 MP: 10/16
  4235 | D:5      | Noticed Eustachio
  4244 | D:5      | Killed Eustachio
  4245 | D:5      | Reached skill level 8 in Conjurations
  5235 | D:6      | Found a glowing golden altar of the Shining One.
  5433 | D:6      | Reached skill level 9 in Conjurations
  5475 | D:6      | Identified the ring of Safipp {Will+ Int+3 SInv Stlth+}
  5789 | D:6      | Reached XP level 9. HP: 68/68 MP: 16/19
  6469 | D:7      | Noticed Prince Ribbit
  6675 | D:7      | Found a staircase to the Ecumenical Temple.
  6690 | Temple   | Entered the Ecumenical Temple
  7122 | D:7      | Noticed Joseph
  7400 | D:8      | Reached skill level 10 in Conjurations
  7400 | D:8      | Reached skill level 1 in Fighting
  8130 | D:8      | Reached skill level 5 in Fighting
  8375 | D:9      | Reached XP level 10. HP: 83/91 MP: 7/22
  8507 | D:9      | Found a snail-covered altar of Cheibriados.
  8580 | D:9      | Found an iron altar of Okawaru.
  8581 | D:9      | Found a bloodstained altar of Trog.
  8675 | D:9      | Found a hazy altar of Hepliaklqana.
  8851 | D:9      | Found a sparkling altar of Nemelex Xobeh.
  9018 | D:9      | Found Qatir's Armour Shop.
  9146 | D:9      | Found a staircase to the Orcish Mines.
  9149 | D:9      | Found Ogrirgher's Weapon Shop.
  9196 | D:9      | Noticed a two-headed ogre
  9205 | D:9      | Killed a two-headed ogre
  9452 | D:7      | Killed Prince Ribbit
  9536 | D:7      | Found a hide-covered altar of Uskayaw.
  9540 | D:7      | Found an opulent altar of Gozag.
  9543 | D:7      | Found a broken altar of Ashenzari.
  9548 | D:7      | Became a worshipper of Gozag Ym Sagoz the Greedy
  9578 | D:7      | Killed Joseph
  9580 | D:7      | Reached skill level 11 in Conjurations
 10071 | D:7      | Found a white marble altar of Elyvilon.
 10177 | D:9      | Reached XP level 11. HP: 92/103 MP: 8/24
 10844 | Orc:1    | Entered Level 1 of the Orcish Mines
 10868 | Orc:1    | Noticed Gastronok
 10889 | Orc:2    | Entered Level 2 of the Orcish Mines
 10972 | Orc:2    | Noticed Jorgrun
 10979 | Orc:2    | Slain by Jorgrun

Illustrated notes

Levels and vault maps discovered:
D:1:      saegor_arrival_under_anarchy, layout_loops_corners,
          kennysheep_flooded_box, minmay_strange_pillars, minmay_pentomino_s2
D:2:      kennysheep_the_goblin_king, layout_loops_ring, serial_shops,
          nicolae_shop_getting_attention, kennysheep_generic_room_12
D:3:      layout_basic, lemuel_tele_altar, serial_shops, shop,
          grunt_ministairs_8, serial_bayou_pond_d, uniq_sigmund
D:4:      layout_basic, lemuel_coloured_pillars_altar
D:5:      layout_rooms, serial_corexii_hall, corexii_hall_statues_l,
          corexii_hall_statues_x, chequers_hall_statues_wall_a,
          chequers_hall_statues_y, nrook_campfire, uniq_eustachio, uniq_menkaure
D:6:      layout_basic, mainiacjoe_overflow_surrounded_room
D:7:      layout_loops_corners, mainiacjoe_overflow_alcove_1,
          grunt_temple_overflow_diamond, temple_statues, grunt_ministairs_7,
          small_statue_intersection, kennysheep_generic_room_16, uniq_joseph,
          uniq_prince_ribbit1
D:8:      statuecave_lemuel, layout_gridville
D:9:      layout_loops_ring, grunt_temple_overflow_bloody_war,
          nemelex_diamond_rough_becter, mainiacjoe_overflow_tiny_flanked,
          nicolae_hepliaklqana_hazy_memory, orc_david_3, chequers_mini_garden
Temple:   chequers_temple_sunken
Orc:1:    nicolae_orc_accident_1, layout_caves, basic_altar, uniq_gastronok
Orc:2:    st_orc_mages, layout_diamond_mine, lightli_orcish_oven, uniq_rupert,
          uniq_saint_roka, uniq_jorgrun, uniq_nessos

Skill      XL: |  1  2  3  4  5  6  7  8  9 10 |
---------------+-------------------------------+-----
Spellcasting   | 3 4 5 7 8 9 |  9.8
Conjurations   | 5 6 7 9 10 11 | 11.6
Fighting       | 5 8 |  8.0
Dodging        | |  1.5
Stealth        | |  3.0

Action                     |  1- 3 |  4- 6 |  7- 9 | 10-12 || total
---------------------------+-------+-------+-------+-------++-------
  Melee: Dagger            |     2 |       |       |     1 ||     3
         Long sword        |       |       |       |     1 ||     1
   Fire: Sling             |       |    14 |     5 |       ||    19
         Shortbow          |       |       |    41 |    17 ||    58
   Cast: Magic Dart        |    40 |    18 |     5 |     3 ||    66
         Searing Ray       |     3 |    23 |    70 |    39 ||   135
         Fulminant Prism   |       |       |     4 |    17 ||    21
         Iskenderun's Myst |       |       |       |     1 ||     1
Ability: Spit Poison       |    18 |    20 |    55 |    15 ||   108
  Evoke: Wand              |       |       |       |     4 ||     4
    Use: Scroll            |       |     6 |     3 |       ||     9
   Stab: Paralysed         |       |       |       |     1 ||     1
 Armour: Robe              |     1 |     1 |    23 |    13 ||    38
         Acid dragon scale |       |       |       |     2 ||     2
  Dodge: Dodged            |     2 |    10 |    49 |    26 ||    87
